AoeStats
← Der Sprudel

Arabia

508926346Analyzed
1v1 RM · 8d ago on Sep 24, 2026· 26m 42s· 2 players
Game mode
Random Map
Map size
Tiny (2 player)
Population
200
Speed
Normal
Resources
Standard
Victory
Conquest
Starting age
Dark Age
Ending age
Imperial Age
RankedLock teamsTeams togetherTeam positionsShared explorationLock speedFull tech treeHidden civsTurbo modeCheats
Victory
Defeat
🇩🇪 Varangians · Germany
1268
+16
🇫🇷 Franks · France
1261
-16
<FAB
6:38 Loom
8:38 Feudal Age
12:00 Double-Bit Axe
14:17 Fletching
18:56 Wheelbarrow
21:47 Castle Age
21:23 Scale Barding Armor
21:59 Forging
22:42 Husbandry
23:45 Chain Barding Armor
24:01 Iron Casting
26:25 Bodkin Arrow
Der Sprudel
6:22 Loom
9:20 Feudal Age
9:33 Man-at-Arms
10:04 Double-Bit Axe
11:41 Horse Collar
13:53 Fletching
20:43 Castle Age
20:14 Gold Mining
20:39 Scale Mail Armor
20:40 Padded Archer Armor
21:24 Bodkin Arrow
22:02 Bow Saw
21:42 Elite Skirmisher
25:41 Chain Mail Armor
Connection lost

Rejoining the realm…

Still unreachable

The connection could not be restored.

Session expired

The server has moved on; the page needs a fresh start.